Map: Megaton

Players

Odin

  • Race: Protoss Protoss
  • League: Platinum
  • Spawn Location: 5:00

A.I. 1 (Harder) - Winner!

  • Race: Protoss Protoss
  • Spawn Location: 0:00

A.I. 2 (Harder) - Winner!

  • Race: Protoss Protoss
  • Spawn Location: 12:00

A.I. 3 (Harder) - Winner!

  • Race: Protoss Protoss
  • Spawn Location: 11:00

A.I. 4 (Harder) - Winner!

  • Race: Protoss Protoss
  • Spawn Location: 0:00

VOD

Have the link to the VOD?

Description

Time

  • Played on: Dec. 17, 2018, 1:52 p.m.
  • Length: 16:30
Show
View Real Time Build Order
Export as new Build Order

Odin Protoss 

Build Orders: Cannon Rush 

Get SALT Encoding   

  12  0:08  Pylon  
  12  0:13  Probe  
  13  0:29  Forge  
  13  0:30  Probe  
  14  0:52  Pylon  
  14  1:00  Probe  
  15  1:06  Pylon  
  15  1:22  Photon Cannon  
  15  1:23  Photon Cannon  
  15  1:39  Photon Cannon  
  15  1:43  Photon Cannon  
  15  2:00  Photon Cannon  
  15  2:09  Photon Cannon  
  15  2:10  Probe  
  16  2:22  Probe  
  16  2:28  Gateway  
  16  2:40  Assimilator  
  16  2:43  Assimilator  
  16  2:51  Nexus  
  16  3:01  Probe  
  17  3:09  Probe  
  17  3:17  Probe  
  17  3:18  Cybernetics Core  
  19  3:29  Probe  
  20  3:46  Probe  
  21  3:57  Stargate  
  21  4:07  Stargate  
  21  4:10  Probe  
  21  4:12  Probe  
  23  4:23  Assimilator  
  23  4:24  Probe  
  23  4:27  Assimilator  
  24  4:34  Probe  
  24  4:36  Void Ray, Probe  
  26  4:48  Probe  
  26  4:50  Void Ray  
  35  5:31  Probe  
  35  5:34  Probe  
  37  5:43  Probe  
  37  5:44  Pylon  
  38  5:57  Pylon  
  38  5:58  Pylon  
  38  6:00  Shield Battery  
  38  6:02  Probe x2, Shield Battery  
  40  6:08  Pylon  
  40  6:14  Probe x2  
  40  6:16  Void Ray  
  40  6:18  Void Ray  
  47  6:37  Probe x2  
  46  6:49  Probe x2  
  38  7:01  Probe  
  38  7:07  Void Ray x2  
  38  7:38  Nexus  
  38  7:46  Void Ray  
  42  8:16  Shield Battery  
  42  8:25  Void Ray  
  46  8:47  Probe  
  47  8:49  Void Ray  
  51  9:24  Void Ray  
  55  9:34  Void Ray  
  55  9:36  Probe x2  
  61  9:44  Shield Battery  
  61  9:46  Pylon  
  61  9:48  Probe x2  
  56  10:18  Void Ray x2  
  64  10:23  Probe x2  
  66  10:48  Photon Cannon  
  66  10:52  Probe x2, Photon Cannon  
  66  10:54  Shield Battery  
  68  11:02  Probe x2  
  68  11:10  Probe x2  
  72  11:18  Probe  
  72  11:20  Void Ray  
  77  11:37  Pylon  
  77  11:45  Probe  
  78  11:54  Pylon  
  78  11:55  Probe, Pylon  
  67  12:28  Void Ray x2  
  59  12:50  Stargate  
  59  12:51  Stargate  
  59  12:53  Nexus  
  59  12:54  Probe  
  59  12:56  Assimilator  
  60  13:01  Assimilator  
  60  13:04  Pylon  
  60  13:06  Probe, Pylon  
  60  13:08  Void Ray  
  60  13:09  Void Ray  
  61  13:18  Probe  
  70  13:26  Probe  
  71  13:31  Probe  
  72  13:34  Void Ray  
  72  13:39  Probe  
  77  13:46  Void Ray x2  
  85  13:59  Probe x2  
  87  14:11  Void Ray, Probe x2  
  93  14:19  Void Ray  
  93  14:22  Probe  
  98  14:27  Protoss Air Weapons Level 1  
  98  14:35  Cybernetics Core  
  98  14:43  Photon Cannon  
  98  14:44  Shield Battery  
  98  14:49  Void Ray  
  70  15:17  Void Ray x2  
  70  15:18  Void Ray  
  82  15:25  Nexus  
  82  15:45  Shield Battery x2  
  82  15:47  Photon Cannon  
  82  15:55  Photon Cannon  
  90  16:12  Probe x2  
Show
View Real Time Build Order
Export as new Build Order

A.I. 1 (Harder) Protoss - Winner!

Build Orders:  

Get SALT Encoding   

  12  0:01  Probe  
  13  0:13  Probe  
  14  0:22  Pylon  
  14  0:25  Probe  
  15  0:36  Probe  
  16  0:44  Probe  
  16  0:48  Assimilator  
  17  0:52  Probe, Gateway  
  18  1:00  Probe  
  18  1:02  Pylon  
  19  1:21  Probe  
  20  1:38  Zealot  
  22  1:43  Gateway  
  22  1:46  Cybernetics Core  
  20  1:55  Probe  
  20  1:58  Assimilator  
Show
View Real Time Build Order
Export as new Build Order

A.I. 2 (Harder) Protoss - Winner!

Build Orders:  

Get SALT Encoding   

  12  0:01  Probe  
  13  0:13  Probe  
  14  0:21  Pylon  
  14  0:25  Probe  
  15  0:35  Probe  
  16  0:43  Probe  
  16  0:47  Assimilator  
  17  0:51  Gateway  
  17  0:52  Probe  
  18  1:00  Probe  
  18  1:01  Pylon  
  19  1:23  Probe  
  20  1:38  Zealot  
  20  1:42  Cybernetics Core  
  20  1:44  Gateway  
  22  1:47  Assimilator  
  22  1:57  Zealot  
  22  2:05  Pylon  
  24  2:09  Warp Gate  
  24  2:24  Zealot  
  26  2:31  Stalker  
  26  2:34  Pylon  
  28  2:51  Zealot  
  28  2:53  Probe  
  31  3:01  Zealot  
  34  3:05  Probe  
  34  3:10  Pylon  
  34  3:17  Probe  
  34  3:18  Stalker  
  37  3:25  Forge  
  37  3:28  Adept  
  37  3:29  Probe  
  40  3:42  Probe  
  41  3:48  Stalker  
  41  3:51  Adept  
  41  3:54  Probe  
  46  4:26  Protoss Ground Weapons Level 1  
  46  4:35  Stalker  
  46  4:37  Gateway  
  48  4:41  Pylon  
  48  4:42  Sentry  
  50  4:58  Photon Cannon, Stalker  
  52  5:02  Robotics Facility  
  52  5:05  Stalker  
  50  5:16  Pylon  
  48  5:21  Stalker  
  49  5:28  Probe, Stalker  
  52  5:35  Sentry, Twilight Council  
  54  5:44  Stalker  
  57  5:50  Observer  
  57  5:58  Stalker  
  57  6:04  Photon Cannon  
  59  6:06  Observer  
  59  6:10  Protoss Ground Armor Level 1  
  59  6:14  Nexus  
  59  6:17  Blink  
  56  6:33  Stalker  
  58  6:40  Adept  
  54  6:47  Zealot  
  54  6:56  Zealot  
  56  7:03  Adept  
  58  7:09  Stargate  
  58  7:19  Forge  
  58  7:26  Probe  
  58  7:28  Probe  
  60  7:32  Pylon  
  60  7:38  Probe  
  60  7:40  Probe  
  62  7:49  Pylon  
  62  7:50  Probe  
  63  7:52  Probe  
  64  8:02  Probe  
  64  8:04  Probe  
  66  8:09  Photon Cannon  
  66  8:12  Photon Cannon  
  66  8:13  Probe  
  66  8:16  Probe  
  68  8:21  Probe  
  68  8:26  Templar Archives  
  69  8:38  Nexus  
  69  8:43  Stalker x2  
  69  8:44  Stalker x2  
  69  8:52  Gateway  
  69  8:57  Robotics Facility  
  69  9:02  Warp Prism  
  69  9:04  High Templar  
  71  9:12  High Templar  
  71  9:15  Assimilator  
  61  9:21  Stargate, Archon  
  61  9:23  Assimilator  
  51  9:29  Zealot  
  47  9:35  Warp Prism  
  47  9:45  Gateway, High Templar  
  51  9:50  Warp Prism  
  53  9:57  Zealot  
  55  10:06  High Templar  
  57  10:08  Assimilator  
  57  10:17  Stargate  
  57  10:19  Stalker  
  57  10:20  Assimilator  
  59  10:26  Observer  
  59  10:27  Archon  
  60  10:40  High Templar  
  62  10:43  Probe  
  63  10:52  High Templar  
  65  11:00  Stalker  
  65  11:01  Probe  
  65  11:03  Probe  
  69  11:06  Probe  
  69  11:09  Sentry  
  72  11:11  Oracle  
  72  11:13  Probe  
  72  11:15  Probe  
  72  11:18  Probe, Archon  
  77  11:24  Probe  
  77  11:25  Probe  
  79  11:30  Probe, Robotics Bay  
  81  11:34  Probe  
  81  11:35  Probe  
  83  11:40  Protoss Ground Weapons Level 2  
  83  11:42  Probe  
  83  11:45  Probe x2  
  84  11:53  Probe  
  86  11:55  Probe  
  88  12:08  Stalker  
  88  12:15  Immortal  
  94  12:19  Stalker, Pylon  
  87  12:23  Colossus  
  87  12:27  Phoenix  
  91  12:32  Zealot  
  91  12:36  High Templar  
  95  12:41  Zealot  
  97  12:45  High Templar  
  97  12:47  Fleet Beacon  
  99  12:53  Disruptor  
  99  12:55  Stalker  
  104  12:59  Stalker  
  104  13:02  Pylon  
  104  13:03  Stalker  
  108  13:08  Archon  
  108  13:09  High Templar  
  110  13:13  Sentry  
  110  13:18  Immortal  
  116  13:20  Probe  
  116  13:21  Probe, Phoenix  
  116  13:22  Probe, Stalker  
  116  13:26  Pylon  
  123  13:31  High Templar  
  125  13:35  Adept  
  125  13:41  Disruptor  
  127  13:44  Probe x2  
  127  13:45  Probe  
  127  13:46  Stalker  
  127  13:48  Pylon  
  127  13:50  Zealot  
  127  13:54  Sentry  
  125  13:57  Observer  
  125  13:58  Zealot  
  128  14:03  Archon  
  128  14:05  High Templar  
  130  14:17  Observer, Pylon  
  130  14:19  High Templar  
  133  14:29  Tempest  
  138  14:39  Archon  
  138  14:45  Nexus  
  138  15:00  Gravitic Boosters  
  138  15:27  Colossus  
  138  15:42  Adept  
  140  15:44  Adept  
  146  15:50  Adept  
  146  15:51  Pylon  
  146  15:52  Adept  
  146  15:55  Adept  
  152  15:58  Adept  
  154  16:06  Assimilator  
  154  16:08  Pylon  
  154  16:10  Pylon  
  158  16:12  Assimilator  
  158  16:19  Stalker  
  158  16:24  Stalker  
  150  16:27  Stalker  
Show
View Real Time Build Order
Export as new Build Order

A.I. 3 (Harder) Protoss - Winner!

Build Orders:  

Get SALT Encoding   

  12  0:01  Probe  
  13  0:13  Probe  
  14  0:21  Pylon  
  14  0:25  Probe  
  15  0:35  Probe  
  16  0:43  Probe  
  16  0:49  Assimilator  
  17  0:52  Probe  
  17  0:54  Gateway  
  18  1:00  Probe  
  18  1:03  Pylon  
  19  1:21  Probe  
  20  1:41  Zealot  
  20  1:43  Gateway  
  20  1:46  Cybernetics Core  
  22  1:47  Assimilator  
  22  2:01  Zealot  
  22  2:02  Pylon  
  24  2:22  Warp Gate  
  24  2:28  Stalker  
  26  2:30  Zealot  
  26  2:31  Pylon  
  28  2:57  Stalker  
  30  3:02  Stalker  
  30  3:16  Pylon  
  26  3:27  Stalker  
  26  3:32  Zealot  
  28  3:54  Stalker  
  28  3:57  Zealot  
  30  4:17  Probe  
  31  4:29  Adept, Probe  
  30  4:39  Stalker  
  30  4:41  Probe  
  33  4:49  Stalker  
  35  4:54  Probe  
  35  4:55  Pylon  
  36  5:02  Zealot  
  36  5:06  Probe  
  39  5:12  Stalker  
  39  5:13  Forge  
  41  5:18  Probe  
  42  5:22  Adept  
  44  5:32  Zealot  
  46  5:42  Stalker  
  48  5:51  Protoss Ground Weapons Level 1  
  48  5:52  Stalker  
  50  6:03  Gateway  
  50  6:05  Zealot  
  50  6:06  Twilight Council  
  50  6:09  Nexus  
  52  6:15  Adept  
  54  6:25  Adept  
  56  6:35  Sentry  
  58  6:41  Pylon  
  58  6:45  Adept, Blink  
  60  6:57  Sentry  
  60  7:01  Robotics Facility  
  60  7:04  Adept  
  56  7:14  Stalker  
  52  7:22  Probe x2  
  52  7:27  Stalker  
  52  7:34  Probe  
  52  7:35  Probe  
  50  7:38  Stalker  
  50  7:41  Protoss Ground Armor Level 1  
  50  7:46  Probe  
  50  7:48  Probe  
  50  7:51  Observer  
  53  7:56  Zealot  
  53  7:58  Probe  
  56  8:00  Probe  
  56  8:04  Adept  
  59  8:10  Probe  
  59  8:12  Probe, Adept  
  62  8:19  Probe, Stalker  
  64  8:20  Probe  
  66  8:27  Probe  
  66  8:28  Probe, Stalker  
  70  8:36  Probe  
  70  8:37  Stalker  
  70  8:38  Observer, Probe  
  75  8:48  Photon Cannon  
  75  8:53  Photon Cannon  
  75  8:56  Pylon  
  75  9:02  Pylon  
  75  9:10  Stargate  
  75  9:14  Forge  
  75  9:25  Photon Cannon  
  75  9:28  Photon Cannon  
  75  9:48  Assimilator  
  75  9:51  Stalker  
  75  9:59  Gateway  
  61  10:02  Stalker  
  61  10:04  Robotics Facility  
  61  10:05  Nexus  
  57  10:10  Stargate  
  49  10:14  Stalker  
  49  10:25  Stalker  
  51  10:33  Warp Prism  
  53  10:36  Void Ray  
  57  10:45  Templar Archives  
  57  10:52  Gateway  
  57  11:02  Warp Prism  
  59  11:09  Warp Prism  
  61  11:14  Zealot  
  63  11:26  High Templar  
  63  11:30  Stargate  
  63  11:32  Assimilator  
  65  11:35  Assimilator  
  65  11:37  High Templar  
  65  11:38  Observer  
  68  11:49  Sentry  
  70  12:00  Void Ray, Probe  
  71  12:03  Probe, Zealot  
  71  12:04  Zealot x2  
  66  12:10  Stalker  
  66  12:12  Zealot  
  66  12:23  Stalker  
  68  12:34  Sentry  
  70  12:39  Void Ray  
  70  12:42  Probe  
  70  12:44  Probe  
  72  12:46  Probe  
  77  12:54  Probe  
  77  12:56  Probe  
  77  12:57  High Templar  
  81  12:58  Probe  
  82  13:06  Probe  
  82  13:08  Probe  
  82  13:09  High Templar  
  82  13:10  Probe  
  87  13:17  Probe  
  87  13:18  Probe  
  88  13:22  Probe, Archon  
  88  13:23  High Templar  
  88  13:26  Robotics Bay  
  92  13:28  Probe  
  92  13:29  Probe  
  94  13:34  High Templar  
  94  13:35  Probe  
  94  13:36  Probe  
  94  13:37  Probe  
  98  13:46  Pylon  
  99  13:48  Archon, High Templar  
  101  13:59  Pylon  
  101  14:00  High Templar  
  103  14:04  Zealot, Pylon  
  103  14:07  Zealot  
  107  14:11  Stalker  
  109  14:21  Stalker  
  109  14:23  Void Ray  
  111  14:24  Stalker  
  111  14:28  Stalker  
  115  14:32  Stalker  
  115  14:36  Colossus  
  123  14:40  Sentry  
  123  14:43  Stalker, Pylon  
  127  14:52  Fleet Beacon  
  115  15:09  Stalker  
  115  15:12  Stalker  
  105  15:17  Zealot  
  105  15:18  Void Ray  
  105  15:20  Zealot  
  105  15:24  Zealot  
  107  15:29  Tempest  
  107  15:32  Zealot  
  109  15:35  Sentry  
  123  16:12  Photon Cannon  
  123  16:17  Photon Cannon  
Show
View Real Time Build Order
Export as new Build Order

A.I. 4 (Harder) Protoss - Winner!

Build Orders:  

Get SALT Encoding   

  12  0:01  Probe  
  13  0:13  Probe  
  14  0:22  Pylon  
  14  0:25  Probe  
  15  0:36  Probe  
  16  0:44  Probe  
  17  0:52  Gateway  
  17  1:08  Probe  
  18  1:31  Pylon  
  18  1:41  Zealot  
  18  1:43  Assimilator  
  18  1:44  Probe  
  21  1:54  Cybernetics Core  
  21  1:57  Probe  
  21  1:59  Gateway  
  22  2:07  Probe  
  24  2:08  Zealot  
  24  2:15  Pylon  
  22  2:17  Probe, Assimilator  
Tags
 
Add a new tag
Caveats
  • Supply blocks, unpowered buildings, or Contaminate may cause inaccurate times.
  • Supply counts are checked every 10 seconds.